 Dungeon Crawl Stone Soup version 0.29.0-4-gdea44cf6ec (webtiles) character file.

Game seed: 3790631642580983059

1778 qw the Cleaver (level 9, 0/54 HPs)
             Began as a Tengu Warper on Aug 28, 2022.
             Was an Initiate of Okawaru.
             Slain by a gnoll bouda
             ... wielding a +0 club
              (7 damage)
             ... on level 6 of the Dungeon.
             The game lasted 00:00:35 (6592 turns).

qw the Cleaver (Tengu Warper)                       Turns: 6592, Time: 00:00:35

Health: 0/54       AC: 13    Str: 17    XL:     9   Next: 8%
Magic:  13/13      EV:  9    Int: 13    God:    Okawaru [......]
Gold:   244        SH:  0    Dex: 13    Spells: 12/12 levels left

rFire   + . .      SeeInvis .   Y - +0 war axe
rCold   + . .      Faith    .   (no shield)
rNeg    . . .      Spirit   .   c - +0 chain mail
rPois   .          Reflect  .   (helmet restricted)
rElec   .          Harm     .   m - scarf {rC+ rF+}
rCorr   +          Rampage  .   (no gloves)
Will    .....                   (boots unavailable)
Stlth   ..........              d - amulet of regeneration
HPRegen 0.98/turn               k - ring of resist corrosion
MPRegen 0.13/turn               j - +4 ring of protection

@: about to teleport, weakened, flying quickly and evasively, quick
A: beak, talons 3, nimble flight
a: Renounce Religion


You were on level 6 of the Dungeon.
You worshipped Okawaru.
Okawaru was noncommittal.
You visited 2 branches of the dungeon, and saw 7 of its levels.

You collected 244 gold pieces.


Innate Abilities, Weirdness & Mutations

You have a beak for a mouth.
You have claws for feet.
Your magical nature lets you fly swiftly and evasively.


   Skills:
 - Level 5.3 Fighting
 + Level 10.8 Axes
 - Level 1.0 Throwing
 - Level 3.0 Armour
 - Level 3.0 Dodging
 - Level 2.0 Spellcasting
 - Level 2.4 Translocations


You had 12 spell levels left.
You didn't know any spells.
Your spell library contained the following spells:

 Spells                   Type           Power      Damage    Failure   Level
 Blink                    Tloc           14%        N/A       91%         2
 Gell's Gravitas          Tloc           7%         N/A       99%         3
 Lesser Beckoning         Tloc           7%         N/A       99%         3
 Teleport Other           Tloc           7%         N/A       99%         3
 Manifold Assault         Tloc           7%         N/A       100%        5

Inventory:

Hand Weapons
 e - a +0 whip of electrocution
 Y - a +0 war axe (weapon)
Armour
 c - a +0 chain mail (worn)
 m - a scarf of resistance (worn)
Jewellery
 d - an amulet of regeneration (around neck)
 j - a +4 ring of protection (right hand)
 k - a ring of resist corrosion (left hand)
Scrolls
 b - a scroll of identify
Potions
 f - 4 potions of haste
 g - a potion of brilliance {unknown}
 i - a potion of attraction {unknown}
 l - a potion of berserk rage {unknown}
 n - a potion of flight {unknown}
 o - a potion of magic {unknown}
 q - 2 potions of mutation {unknown}
 r - a potion of curing {unknown}
 t - a potion of degeneration {unknown}
 u - a potion of invisibility {unknown}

Dungeon Overview and Level Annotations

Branches:
Dungeon (6/15)             Temple (1/1) D:5

Altars:
Ashenzari
Dithmenos
Fedhas
Hepliaklqana
Kikubaaqudgha
Makhleb
Nemelex Xobeh
Okawaru
Qazlal
Ru
Sif Muna
Trog
Uskayaw
Wu Jian
Xom
Yredelemnul
The Shining One


Message History

The gnoll is almost dead.
You slash the gnoll bouda! You hit the gnoll but do no damage.
The gnoll closely misses you. The gnoll barely misses you.
The gnoll hits you with a +0 spear. The gnoll hits you but does no damage.
The gnoll bouda closely misses you.
You hit the gnoll.
You kill the gnoll!
Okawaru accepts your kill.
You hit the gnoll bouda. You hit the gnoll. The gnoll barely misses you.
The gnoll hits you but does no damage. The gnoll hits you with a +0 flail.
The gnoll bouda hits you but does no damage.
You hit the gnoll bouda but do no damage.
You claw the gnoll bouda, but do no damage.
The gnoll bouda is heavily wounded.
You slash the gnoll!
You kill the gnoll!
Okawaru accepts your kill. The gnoll closely misses you.
The gnoll hits you but does no damage.
You barely miss the gnoll bouda.
The gnoll bouda is heavily wounded.
The gnoll bouda hits you but does no damage.
The gnoll hits you from afar with a +4 spear!
The gnoll hits you from afar with a +0 spear.
You barely miss the gnoll bouda.
You claw the gnoll bouda, but do no damage.
The gnoll bouda is heavily wounded.
The gnoll is no longer moving quickly.
The gnoll bouda gazes fiercely through you!
You feel your attacks grow feeble.
The gnoll bouda hits you with a +0 club.
The gnoll hits you from afar with a +4 spear!
6592 ||| READING scroll of teleportation.
As you read the scroll of teleportation, it crumbles to dust.
You feel strangely unstable. The gnoll barely misses you.
The gnoll bouda gazes fiercely through you!
You feel as though you will be weak longer.
The gnoll bouda hits you with a +0 club!
You die...

# # #. #.#.## ##.>...
......g###############
.....g.@..............
...#.g.)..............
###########.....###
................
########.....###
..............#
.#######......#
#.......# #.......#


You could see a gnoll bouda and 2 gnolls.

Vanquished Creatures
  3 yaks (D:6)
  A water moccasin (D:4)
  3 black bears
  2 ice beasts (D:5)
  2 bullfrogs
  A wyvern zombie (D:5)
  2 scorpions (D:5)
  3 jellies
  3 hounds
  An iguana (D:6)
  A scorpion zombie (D:5)
  An orc wizard (D:6)
  Natasha (thrice) (D:3)
  2 gnolls (D:6)
  7 adders
  An ufetubus (D:5)
  4 worms
  2 dart slugs
  3 orcs
  11 bats
  4 endoplasms
  3 giant cockroaches
  5 hobgoblins
  3 jackals (D:1)
  3 quokkas
  6 ball pythons
  2 frilled lizards
  4 goblins
  8 kobolds
  5 rats
99 creatures vanquished.

Notes
Turn   | Place    | Note
-------+----------+-------------------------------------------
     0 | D:1      | qw the Tengu Warper began the quest for the Orb.
     0 | D:1      | Reached XP level 1. HP: 12/12 MP: 4/4
     0 | D:1      | 0 ||| qw: Version: 0.1-a-89-g26bdef1
     0 | D:1      | 0 ||| qw: Game counter: 2087
     0 | D:1      | 0 ||| qw: Always use a shield: true
     0 | D:1      | 0 ||| qw: God list: Okawaru
     0 | D:1      | 0 ||| qw: Allow faded altars: false
     0 | D:1      | 0 ||| qw: Do Orc after D:15 true
     0 | D:1      | 0 ||| qw: Do second Lair branch before Depths: true
     0 | D:1      | 0 ||| qw: Lair rune preference: random
     0 | D:1      | 0 ||| qw: Plans: Normal
     0 | D:1      | 0 ||| PLANNING D:1-11
   183 | D:1      | 183 ||| Stepping ~*~*~tactically~*~*~ (stealth).
   186 | D:1      | 186 ||| Stepping ~*~*~tactically~*~*~ (stealth).
   189 | D:1      | 189 ||| Stepping ~*~*~tactically~*~*~ (stealth).
   583 | D:1      | 583 ||| Stepping ~*~*~tactically~*~*~ (hiding).
   685 | D:1      | 685 ||| Stepping ~*~*~tactically~*~*~ (hiding).
   787 | D:1      | 787 ||| Stepping ~*~*~tactically~*~*~ (hiding).
   894 | D:1      | Reached skill level 3 in Axes
   894 | D:1      | Reached XP level 2. HP: 9/17 MP: 6/6
  1337 | D:1      | 1337 ||| DROPPING +0 club.
  1747 | D:1      | 1747 ||| UPGRADING to +0 ring mail.
  1757 | D:1      | 1757 ||| DROPPING +0 leather armour.
  1758 | D:1      | 1758 ||| READING scroll labelled JERAITSUEJ.
  1759 | D:1      | 1759 ||| READING scroll labelled CENULLA VEBRO.
  1763 | D:1      | 1763 ||| READING scroll labelled RENUPUD ZUCUSU.
  1763 | D:1      | Identified a scroll of acquirement
  1763 | D:1      | 1763 ||| ACQUIRING amulet of guardian spirit
  1763 | D:1      | Acquired an amulet of guardian spirit
  1765 | D:1      | 1765 ||| UPGRADING to amulet of guardian spirit.
  1770 | D:1      | 1770 ||| DRINKING 2 bubbling puce potions.
  1793 | D:1      | 1793 ||| DROPPING scroll of blinking.
  1794 | D:1      | 1794 ||| DROPPING potion of lignification.
  1832 | D:2      | HP: 4/17 [worm (2)]
  1835 | D:2      | Reached XP level 3. HP: 5/21 MP: 1/7
  1846 | D:2      | 1846 ||| FLEEEEING.
  1847 | D:2      | 1847 ||| FLEEEEING.
  2072 | D:2      | Found a faded altar of an unknown god.
  2229 | D:2      | Reached skill level 4 in Axes
  2594 | D:2      | 2594 ||| Stepping ~*~*~tactically~*~*~ (stealth).
  2753 | D:2      | Found a hazy altar of Hepliaklqana.
  2769 | D:2      | 2769 ||| UPGRADING to +0 chain mail.
  2779 | D:2      | 2779 ||| DROPPING +0 ring mail.
  2780 | D:2      | 2780 ||| UPGRADING to ring of resist corrosion.
  2781 | D:2      | 2781 ||| READING scroll labelled ZOTSEO MABARYLEEC.
  2782 | D:2      | 2782 ||| READING scroll labelled YZUNKY DAIBB.
  2783 | D:2      | 2783 ||| DRINKING 2 murky pink potions.
  2799 | D:3      | Noticed Natasha
  2805 | D:3      | Killed Natasha
  2806 | D:3      | Reached XP level 4. HP: 26/26 MP: 8/8
  2806 | D:3      | 2806 ||| FLEEEEING.
  2807 | D:3      | 2807 ||| FLEEEEING.
  2808 | D:3      | 2808 ||| FLEEEEING.
  2809 | D:3      | 2809 ||| STAIRDANCE
  2918 | D:3      | 2918 ||| STAIRDANCE
  3105 | D:3      | 3105 ||| DROPPING +0 whip.
  3120 | D:3      | 3120 ||| Stepping ~*~*~tactically~*~*~ (stealth).
  3122 | D:3      | 3122 ||| Stepping ~*~*~tactically~*~*~ (stealth).
  3188 | D:3      | Reached skill level 5 in Axes
  3234 | D:3      | Noticed Natasha
  3238 | D:3      | Killed Natasha
  3251 | D:3      | 3251 ||| Stepping ~*~*~tactically~*~*~ (stealth).
  3350 | D:3      | Noticed Natasha
  3351 | D:3      | 3351 ||| Stepping ~*~*~tactically~*~*~ (hiding).
  3358 | D:3      | Gained mutation: Your magical nature lets you fly swiftly
                  | and evasively. [Tengu growth]
  3358 | D:3      | Reached XP level 5. HP: 14/30 MP: 4/9
  3358 | D:3      | HP: 3/30 [Natasha/bolt of dispelling energy (11)]
  3362 | D:3      | Killed Natasha
  3862 | D:3      | 3862 ||| UPGRADING to scarf of resistance.
  3867 | D:3      | 3867 ||| DROPPING amulet of faith.
  3868 | D:3      | 3868 ||| UPGRADING to +4 ring of protection.
  3869 | D:3      | 3869 ||| READING scroll labelled IHIAG GOTURUT.
  3870 | D:3      | 3870 ||| READING scroll labelled EGAUNEF RAENU.
  3871 | D:3      | 3871 ||| READING 3 scrolls of identify.
  3871 | D:3      | 3871 ||| IDENTIFYING viscous golden potion
  3872 | D:3      | 3872 ||| READING 2 scrolls of identify.
  3872 | D:3      | 3872 ||| IDENTIFYING dark potion
  3873 | D:3      | 3873 ||| DROPPING potion of ambrosia.
  3911 | D:4      | Noticed a water moccasin
  3926 | D:4      | Killed a water moccasin
  3927 | D:4      | Reached skill level 6 in Axes
  3927 | D:4      | Reached XP level 6. HP: 12/35 MP: 4/10
  3930 | D:4      | HP: 8/35 [poisoned by a water moccasin]
  4251 | D:4      | Noticed a black bear
  4271 | D:4      | Killed a black bear
  4469 | D:4      | Reached skill level 7 in Axes
  4654 | D:4      | Found a sparkling altar of Nemelex Xobeh.
  4723 | D:4      | Noticed a black bear
  4738 | D:4      | Killed a black bear
  4739 | D:4      | Reached skill level 3 in Fighting
  4739 | D:4      | Reached XP level 7. HP: 29/41 MP: 8/11
  4876 | D:4      | Identified the +3 trident "Xestisum" {flame, Dex+2}
  4982 | D:4      | 4982 ||| READING scroll labelled SAPRYOXKILE.
  4999 | D:5      | Entered Level 5 of the Dungeon
  5014 | D:5      | 5014 ||| SWAPPING to +0 war axe.
  5025 | D:5      | 5025 ||| Stepping ~*~*~tactically~*~*~ (hiding).
  5028 | D:5      | Reached skill level 8 in Axes
  5034 | D:5      | 5034 ||| FLEEEEING.
  5035 | D:5      | 5035 ||| FLEEEEING.
  5044 | D:5      | 5044 ||| FLEEEEING.
  5045 | D:5      | 5045 ||| STAIRDANCE
  5080 | D:4      | 5080 ||| DROPPING +1 hand axe.
  5158 | D:5      | Reached XP level 8. HP: 46/46 MP: 12/12
  5213 | D:5      | Reached skill level 9 in Axes
  5453 | D:5      | Reached skill level 3 in Armour
  5562 | D:5      | 5562 ||| Stepping ~*~*~tactically~*~*~ (stealth).
  5769 | D:5      | Found a staircase to the Ecumenical Temple.
  5770 | D:5      | 5770 ||| PLANNING TEMPLE
  5770 | D:5      | 5770 ||| READING scroll labelled AROGRI VIOFA.
  5771 | D:5      | 5771 ||| READING scroll labelled YMMYAX GOULEBE.
  5772 | D:5      | 5772 ||| READING scroll labelled XASO ZOENG.
  5985 | D:5      | Found a basalt altar of Yredelemnul.
  6063 | D:5      | 6063 ||| Stepping ~*~*~tactically~*~*~ (stealth).
  6303 | Temple   | Entered the Ecumenical Temple
  6310 | Temple   | Became a worshipper of Warmaster Okawaru
  6311 | Temple   | 6311 ||| REMOVING amulet of guardian spirit.
  6316 | Temple   | 6316 ||| DROPPING amulet of guardian spirit.
  6317 | Temple   | 6317 ||| PLANNING D:1-11
  6317 | Temple   | 6317 ||| UPGRADING to amulet of regeneration.
  6440 | D:6      | Noticed a yak
  6440 | D:6      | Noticed a yak
  6442 | D:6      | Noticed a yak
  6455 | D:6      | HP: 11/48 [yak (3)]
  6456 | D:6      | 6456 ||| READING 2 scrolls of teleportation.
  6456 | D:6      | HP: 5/48 [yak (7)]
  6457 | D:6      | 6457 ||| DRINKING potion of heal wounds.
  6508 | D:6      | 6508 ||| Stepping ~*~*~tactically~*~*~ (stealth).
  6512 | D:6      | 6512 ||| Stepping ~*~*~tactically~*~*~ (stealth).
  6519 | D:6      | Killed a yak
  6520 | D:6      | Reached skill level 10 in Axes
  6536 | D:6      | Killed a yak
  6542 | D:6      | Killed a yak
  6543 | D:6      | Reached XP level 9. HP: 51/54 MP: 13/13
  6566 | D:6      | Reached skill level 3 in Dodging
  6574 | D:6      | 6574 ||| Stepping ~*~*~tactically~*~*~ (hiding).
  6591 | D:6      | HP: 13/54 [gnoll bouda/+0 club (3)]
  6591 | D:6      | HP: 6/54 [gnoll/+4 spear[a gnoll bouda] (7)]
  6592 | D:6      | 6592 ||| READING scroll of teleportation.
  6592 | D:6      | Slain by a gnoll bouda

Levels and vault maps discovered:
D:1:      amcnicky_arrival_double_pillar, layout_basic
D:2:      layout_rooms, basic_altar, ebering_ecumenical_altar_ruins,
          serial_bayou_pond_e
D:3:      layout_rooms, st_stairs_2, uniq_natasha
D:4:      layout_gridville, mainiacjoe_overflow_boulevard
D:5:      layout_loops_ring, lemuel_zombie_altar_yredelemnul, temple_doors_cd,
          grunt_decor_junction
D:6:      layout_basic, mainiacjoe_overflow_alcove_4
Temple:   nicolae_temple_no_exploring_needed

Skill      XL: |  1  2  3  4  5  6  7  8  9 |
---------------+----------------------------+-----
Axes           | 3 4 5 6 7 8 10 | 10.8
Armour         | 2 3 |  3.0
Fighting       | 3 5 |  5.3
Dodging        | 3 |  3.0
Throwing       | |  1.0
Spellcasting   | |  2.0
Translocations | |  2.4

Action                   |  1- 3 |  4- 6 |  7- 9 || total
-------------------------+-------+-------+-------++-------
Melee: Hand axe          |    86 |   115 |     8 ||   209
       Peck              |    14 |    14 |    37 ||    65
       Kick              |    18 |    29 |    50 ||    97
       Punch             |     1 |     2 |     3 ||     6
       War axe           |       |       |   160 ||   160
Throw: Boomerang         |     7 |       |       ||     7
  Use: Scroll            |     5 |     4 |     6 ||    15
       Potion            |     2 |       |     1 ||     3
Armor: Leather armour    |    20 |       |       ||    20
       Ring mail         |     9 |       |       ||     9
       Chain mail        |       |    88 |    93 ||   181
Dodge: Dodged            |    55 |    60 |    67 ||   182

Table legend:
 A = Non-vault XP
 B = Vault XP
 C = Vault XP percentage of total XP
 D = Non-vault monster count
 E = Vault monster count
 F = Vault count percentage of total count
                 A         B        C        D         E       F
            +---------+---------+-------+---------+---------+-------
      Total |    2373 |     168 |   6.6 |      94 |       5 |   5.1
            +---------+---------+-------+---------+---------+-------
        D:1 |      29 |       0 |   0.0 |      18 |       0 |   0.0
        D:2 |      35 |       0 |   0.0 |      18 |       0 |   0.0
        D:3 |      95 |      47 |  33.1 |      16 |       3 |  15.8
        D:4 |     521 |       0 |   0.0 |      16 |       0 |   0.0
        D:5 |     800 |     121 |  13.1 |      13 |       2 |  13.3
        D:6 |     893 |       0 |   0.0 |      13 |       0 |   0.0
            +---------+---------+-------+---------+---------+-------
